 Dungeon Crawl Stone Soup version 0.16-a0-3728-gc6b4a4b (webtiles) character file.

1589 MrRokkomies the Insei (level 8, 0/48 HPs)
             Began as an Octopode Transmuter on Jan 22, 2015.
             Was a Follower of Ashenzari.
             Killed by divine providence
             ... invoked by an orc priest
              (11 damage)
             ... on level 6 of the Dungeon.
             The game lasted 00:20:09 (6310 turns).

MrRokkomies the Insei (Octopode Transmuter)         Turns: 6310, Time: 00:20:10

Health: 0/48       AC:  2    Str:  9    XL:     8   Next: 92%
Magic:  10/13      EV: 24    Int: 17    God:    Ashenzari [*.....]
Gold:   263        SH:  0    Dex: 18    Spells: 3 memorised, 2 levels left

rFire  . . .     SeeInvis .       - Unarmed
rCold  . . .     Clarity  .     C - melded +1 buckler (curse)
rNeg   . . .     SustAb   .     (helmet currently unavailable)
rPois  x         Gourm    .     (no amulet)
rElec  .         Spirit   .     q - +4 ring of evasion (curse)
rCorr  .         Warding  .     (no ring)
rMut   .         Stasis   .     (no ring)
MR     .....                    (no ring)
Stlth  ++++......               (no ring)
                                (no ring)
                                (no ring)
                                (no ring)

@: spider-form, not resistant to hostile enchantments, stealthy
A: almost no armour, amphibious, 8 rings, (constrict 8), (camouflage 0),
(gelatinous body 0)
a: End Transformation, Renounce Religion


You were on level 6 of the Dungeon.
You worshipped Ashenzari.
Ashenzari was aware of your devotion.
You were near starving.
You were a venomous arachnid creature.
You visited 1 branch of the dungeon, and saw 6 of its levels.
You also visited: Ossuary.

You collected 263 gold pieces.

Inventory:

Hand weapons
 v - a +0 blowgun
Missiles
 b - 12 arrows
 c - 51 stones (quivered)
 w - 5 poisoned needles
 A - 2 throwing nets
Armour
 C - a cursed +1 buckler (melded)
Jewellery
 q - a cursed +4 ring of evasion (left front leg)
Magical devices
 m - a wand of fire (11)
 p - a wand of disintegration (9)
Scrolls
 e - 2 scrolls of random uselessness {unknown}
 j - 5 scrolls of teleportation
 n - 4 scrolls of holy word {unknown}
 r - 11 scrolls of curse jewellery
 s - 2 scrolls of curse weapon
 y - a scroll of fear
 D - a scroll of remove curse
 E - a scroll of blinking {unknown}
Potions
 f - 7 potions of curing
 h - a potion of cancellation
 i - a potion of invisibility
 k - a potion of resistance {unknown}
 l - 5 potions of heal wounds
 t - a potion of flight
 x - a potion of ambrosia {unknown}
 z - 3 potions of restore abilities
 F - a potion of brilliance {unknown}
 G - 2 potions of haste {unknown}
Books
 d - a book of Changes

   Spells                             Type                      Level
   a - Beastly Appendage              Transmutation                1
   b - Sticks to Snakes               Transmutation                2
   c - Spider Form                    Transmutation/Poison         3
   d - Ice Form                       Ice/Transmutation            4
   e - Blade Hands                    Transmutation                5
Comestibles
 a - 5 bread rations
 g - 7 meat rations
 o - 2 beef jerkies
 u - 2 slices of pizza
 B - 2 fruits


   Skills:
 - Level 1.0 Fighting
 - Level 2.0 Dodging
 - Level 5.3 Stealth
 + Level 3.0 Shields
 * Level 7.3 Unarmed Combat
 - Level 2.0 Spellcasting
 * Level 7.2 Transmutations


You had 2 spell levels left.
You knew the following spells:

 Your Spells              Type           Power        Failure   Level  Hunger
a - Beastly Appendage     Trmt           ####..       4%          1    #......
b - Spider Form           Trmt/Pois      ##........   32%         3    ###....
c - Blade Hands           Trmt           ####......   52%         5    ######.


Dungeon Overview and Level Annotations

Branches:
Dungeon (6/15)             Temple (0/1) D:4

Altars:
Ashenzari
Dithmenos
Gozag
Kikubaaqudgha
Nemelex Xobeh
Okawaru
Vehumet
Xom

Shops:
D:4 (   D:5 }


Innate Abilities, Weirdness & Mutations

You cannot wear most types of armour.
You are amphibious.
You can wear up to eight rings at the same time.
((You can use your tentacles to constrict many enemies at once.))
((Your skin changes colour to match your surroundings (Stealth).))
((Your rubbery body absorbs attacks (AC +1).))


Message History

You constrict the hound. The hound bites you.
You tentacle-slap the hound.
You kill the hound!
Drink which item? (? for menu, Esc to quit)
Okay, then.
Casting: Spider Form
Confirm with . or Enter, or press ? or * to list all spells.
You turn into a venomous arachnid creature.
Your cursed +1 buckler melds into your body.
An orc comes into view. It is wielding a war axe.
The orc priest closely misses you. Something barely misses you.
You hit the orc priest but do no damage.
The orc priest is poisoned.
The orc priest invokes the aid of Beogh against you.
Something smites you!
* * * LOW HITPOINT WARNING * * *
You barely miss the orc priest. Something misses you.
The orc priest calls down the wrath of Beogh upon you.
Something smites you!
You die...

####### ##...## #.....# ##.....#
.......##.....# #.......
#.........##.....# #.......
#.........##.....# #####.......
#.........##.....###(.)(รท.....#
#.........##.....##[.###.......
#.........##..{.....## #...)...
#.).......####s#..### #...[...
#.........####o...# ##..)...
#..)o.....#.....#.# #......
#.......o......##.# #####.###..
#..............oo.#.###..........
.o#########.....(.#..##..........
. #.......##.##.........#
###.....)......).(.<..(#
.........##..#.))......#


You could see an orc priest and 2 orcs.

Vanquished Creatures
  Pikel (D:4)
  A sky beast (D:6)
  An orc warrior (D:6)
  A centaur (D:6)
  A big kobold (D:6)
  A scorpion (D:5)
  2 jellies (D:6)
  3 orc priests
  2 centaur zombies (Ossuary)
  A hound (D:6)
  3 orc wizards
  2 iguanas
  Natasha (D:3)
  A worker ant (D:6)
  A big kobold zombie (Ossuary)
  A hound zombie (D:5)
  6 mummies (Ossuary)
  6 adders
  4 gnolls (D:6)
  A giant mite (D:4)
  A shadow imp (D:5)
  4 worms
  An adder skeleton (D:4)
  5 giant geckos
  An ooze (D:3)
  14 orcs
  7 bats
  A gnoll zombie (D:6)
  8 hobgoblins
  4 jackals
  7 ball pythons
  4 giant newts
  13 goblins
  14 kobolds
  3 quokkas
  12 rats
139 creatures vanquished.

Vanquished Creatures (others)
  An orc wizard (D:4)
  A worker ant (D:4)
  A worm (D:4)
  An orc (D:4)
  A giant cockroach (D:4)
  A goblin (D:4)
  A kobold (D:4)
  A rat (D:4)
8 creatures vanquished.

Grand Total: 147 creatures vanquished

Notes
Turn   | Place    | Note
--------------------------------------------------------------
     0 | D:1      | MrRokkomies, the Octopode Transmuter, began the quest for the Orb.
     0 | D:1      | Reached XP level 1. HP: 13/13 MP: 3/3
   115 | D:1      | Found a shattered altar of Ashenzari.
   121 | D:1      | Became a worshipper of Ashenzari the Shackled
   359 | D:1      | Reached XP level 2. HP: 18/18 MP: 4/4
   508 | D:1      | Reached skill level 1 in Stealth
   965 | D:1      | Reached XP level 3. HP: 17/23 MP: 6/6
  1072 | D:1      | Learned a level 3 spell: Spider Form
  1777 | D:2      | Reached XP level 4. HP: 25/28 MP: 7/7
  2085 | D:2      | Found a sparkling altar of Nemelex Xobeh.
  2086 | D:2      | Found a shadowy altar of Dithmenos.
  2277 | D:2      | Found a shimmering altar of Xom.
  2280 | D:2      | Found a radiant altar of Vehumet.
  2552 | D:3      | Reached skill level 4 in Unarmed Combat
  2658 | D:3      | Reached XP level 5. HP: 28/33 MP: 5/9
  2773 | D:3      | Noticed Natasha
  2779 | D:3      | Killed Natasha
  3423 | D:4      | Reached XP level 6. HP: 38/38 MP: 10/10
  3441 | D:4      | Found an ancient bone altar of Kikubaaqudgha.
  3446 | D:4      | Noticed Pikel
  3452 | D:4      | Noticed a slave
  3478 | D:4      | Killed Pikel
  3478 | D:4      | Reached skill level 5 in Stealth
  3478 | D:4      | Reached skill level 5 in Unarmed Combat
  3478 | D:4      | Reached skill level 5 in Transmutations
  3478 | D:4      | Reached XP level 7. HP: 23/43 MP: 12/12
  3625 | D:4      | Noticed a freed slave
  3636 | D:4      | Noticed a freed slave
  3652 | D:4      | Noticed a freed slave
  3702 | D:4      | Found a shimmering altar of Xom.
  3702 | D:4      | Found a shimmering altar of Xom.
  3702 | D:4      | Found a shimmering altar of Xom.
  3702 | D:4      | Found a shimmering altar of Xom.
  3703 | D:4      | Found a shimmering altar of Xom.
  3879 | D:4      | Found a staircase to the Ecumenical Temple.
  4016 | D:4      | Found Klutz's Antique Weapon Shoppe.
  4121 | D:4      | Learned a level 5 spell: Blade Hands
  4147 | D:5      | Entered Level 5 of the Dungeon
  4155 | D:5      | Found an iron altar of Okawaru.
  4330 | D:5      | Reached skill level 6 in Unarmed Combat
  4634 | D:5      | Reached XP level 8. HP: 44/48 MP: 10/13
  4657 | D:5      | Reached skill level 1 in Shields
  4688 | D:5      | Found Mooge's Gadget Emporium.
  4857 | D:5      | Found an opulent altar of Gozag.
  5225 | D:6      | Found a sand-covered staircase.
  5234 | Ossuary  | Entered an ossuary
  5671 | D:6      | Reached skill level 7 in Unarmed Combat
  5766 | D:6      | HP: 2/48 [big kobold/stone (6)]
  6310 | D:6      | Killed from afar by an orc priest

Action                   |  1- 3 |  4- 6 |  7- 9 || total
-------------------------+-------+-------+-------++-------
Melee: Unarmed           |    89 |    92 |   198 ||   379
Throw: Stone             |     2 |       |       ||     2
 Cast: Beastly Appendage |     2 |     3 |     2 ||     7
       Spider Form       |       |     3 |     6 ||     9
Evoke: Wand              |       |       |     4 ||     4
  Use: Scroll            |     1 |     7 |     6 ||    14
       Potion            |       |       |     2 ||     2
 Stab: Sleeping          |     6 |     8 |     7 ||    21
  Eat: Chunk             |     2 |     6 |     7 ||    15
       Pizza             |       |       |     1 ||     1
